 Seeded DCSS version 0.30-a0-920-g7493c07aab (webtiles) character file.

Game seed: 3425090202442293766 (custom seed)

347 bmack86 the Chopper (level 6, 0/56 HPs)
             Began as a Minotaur Fighter on Mar 21, 2023.
             Slain by an orc priest
             ... wielding a +0 dagger
              (2 damage)
             ... on level 4 of the Dungeon.
             The game lasted 00:06:18 (2122 turns).

bmack86 the Chopper (Minotaur Fighter)              Turns: 2122, Time: 00:06:20

Health: 0/56       AC: 13    Str: 22    XL:     6   Next: 32%
Magic:  0/5        EV:  7    Int:  5    God:
Gold:   73         SH:  5    Dex: 10    Spells: 5/5 levels left

rFire   . . .      SeeInvis +    a - +0 war axe
rCold   + . .      Faith    .    c - +0 buckler
rNeg    . . .      Spirit   +    y - +0 chain mail {rC+}
rPois   .          Reflect  .    (helmet restricted)
rElec   .          Rampage  .    (no cloak)
rCorr   .                        w - +1 pair of gloves
Will    .....                    t - +0 pair of boots Stlth
                                 n - amulet of guardian spirit
HPRegen 0.29/turn                f - ring of see invisible
MPRegen 0.09/turn                (no ring)

@: no status effects
A: horns 2, retaliatory headbutt
a: no special abilities


You were on level 4 of the Dungeon.
You visited 1 branch of the dungeon, and saw 4 of its levels.

You collected 205 gold pieces.
You spent 132 gold pieces at shops.

Inventory:

Hand Weapons
 a - a +0 war axe (weapon)
Missiles
 i - 2 poisoned darts (quivered)
 s - 2 throwing nets
 z - 3 javelins
Armour
 c - a +0 buckler (worn)
 t - a +0 pair of boots (worn)
 w - a +1 pair of gloves (worn)
 y - a +0 chain mail of cold resistance (worn)
Jewellery
 f - a ring of see invisible (left hand)
 n - an amulet of guardian spirit (around neck)
 p - an amulet of the acrobat
Scrolls
 b - a scroll of silence {unknown}
 e - 4 scrolls of acquirement {unknown}
 g - a scroll of blinking
 h - 4 scrolls of noise
 o - a scroll of fear {unknown}
 r - 3 scrolls of magic mapping {unknown}
 u - 2 scrolls of teleportation
Potions
 d - 2 potions of might
 j - a potion of haste {unknown}
 k - a potion of attraction
 l - a potion of resistance
 m - a potion of degeneration
 q - 2 potions of curing
 v - a potion of brilliance
 x - a potion of flight {unknown}


   Skills:
 + Level 5.0 Fighting
 * Level 5.4 Axes
 + Level 5.0 Armour
 + Level 5.0 Shields


You had 5 spell levels left.
You didn't know any spells.
Your spell library contained the following spells:

 Spells                   Type           Power      Damage    Failure   Level
 Blink                    Tloc           0%         N/A       100%        2
 Manifold Assault         Tloc           0%         N/A       100%        4
 Storm Form               Tmut/Air       0%         N/A       100%        7


Dungeon Overview and Level Annotations

Branches:
Dungeon (4/15)
 Temple: D:4-7

Altars:

Shops:
D:2 ?(

Annotations:
D:4 Grinder


Innate Abilities, Weirdness & Mutations

You have a pair of horns on your head.
You reflexively headbutt those who attack you in melee.


Message History

Grinder gestures at you.
You suddenly lose the ability to move!
The kobold hits you but does no damage.
The orc priest calls down the wrath of Beogh upon you.
Pain shoots through your body! Grinder hits you.
The orc priest hits you but does no damage.
Grinder says, "Tell me all your secrets, or I'll kill you."
Grinder hits you!
You writhe in agony.
The kobold hits you with a +0 short sword.
You can move again.
You slash the kobold!
You kill the kobold!
You closely miss Grinder. You slash the orc priest!
The orc priest hits you but does no damage.
Grinder blinks!
Unknown command.
You closely miss the orc.
You hit the orc priest but do no damage.
The orc priest calls down the wrath of Beogh upon you.
You barely resist. The orc hits you but does no damage.
Grinder blinks!
You slash the orc!
You kill the orc!
You closely miss the orc priest.
The orc priest invokes the aid of Beogh against you.
Beogh smites you!
* * * LOW HITPOINT WARNING * * *
You are too injured to fight recklessly!
Unknown command.
The orc priest hits you with a +0 dagger.
* * * LOW HITPOINT WARNING * * *
Things that are here:
a +0 hand axe; 2 boomerangs; a +0 short sword You hit the orc priest but do no damage.
The orc priest is almost dead.
The orc priest hits you with a +0 dagger.
* * * LOW HITPOINT WARNING * * *
Grinder blinks!
Grinder says, "Mostly I couldn't keep them alive."
The orc priest hits you with a +0 dagger.
You die...

..## ##....
..##......
..........
##.........
#..§.......
##...5......
#..o?....<..
..#####..@).(#
.........†..### #
#...........##
..###...####.....##
...... #......##
....# #........
#..## #.........
#..## #....######
#<..# #...##


You could see Grinder and an orc priest.

Vanquished Creatures
  Sigmund (D:3)
  Terence (D:3)
  An orc wizard (D:4)
  4 adders (D:2)
  A worm (D:2)
  12 dart slugs
  3 orcs
  7 ball pythons
  7 bats
  4 endoplasms
  3 giant cockroaches
  6 goblins
  5 hobgoblins
  3 kobolds
  A quokka (D:2)
  4 frilled lizards
  12 rats
75 creatures vanquished.

Notes
Turn   | Place    | Note
-------+----------+-------------------------------------------
     0 | D:1      | bmack86 the Minotaur Fighter began the quest for the Orb.
     0 | D:1      | Reached XP level 1. HP: 19/19 MP: 0/0
   190 | D:1      | Reached XP level 2. HP: 14/27 MP: 1/1
   586 | D:1      | Found a faded altar of an unknown god.
   738 | D:2      | Reached XP level 3. HP: 33/33 MP: 2/2
  1007 | D:2      | Found Nareh's Weapon Boutique.
  1022 | D:2      | Reached XP level 4. HP: 40/40 MP: 3/3
  1432 | D:2      | Found Lipoy's Magic Scroll Boutique.
  1437 | D:2      | Bought a scroll of noise for 11 gold pieces
  1437 | D:2      | Bought 2 scrolls of identify for 44 gold pieces
  1437 | D:2      | Bought a scroll of identify for 22 gold pieces
  1437 | D:2      | Bought a scroll of identify for 22 gold pieces
  1437 | D:2      | Bought a scroll of teleportation for 33 gold pieces
  1712 | D:3      | Noticed Sigmund
  1726 | D:3      | Killed Sigmund
  1727 | D:3      | Reached skill level 5 in Axes
  1727 | D:3      | Reached XP level 5. HP: 39/47 MP: 2/4
  1727 | D:3      | Reached XP level 6. HP: 45/55 MP: 2/5
  1847 | D:3      | Noticed Terence
  1852 | D:3      | Killed Terence
  1977 | D:3      | Reached skill level 5 in Armour
  2038 | D:3      | Reached skill level 5 in Shields
  2103 | D:4      | Noticed Grinder
  2110 | D:4      | Reached skill level 5 in Fighting
  2115 | D:4      | Paralysed by Grinder for 3 turns
  2121 | D:4      | HP: 2/56 [orc priest/+0 dagger (2)]
  2122 | D:4      | Slain by an orc priest

Illustrated notes

Levels and vault maps discovered:
D:1:      minmay_arrival_loop, layout_basic, ebering_ecumenical_altar_webs,
          moated_statue, minmay_tetromino_s2
D:2:      minmay_angry_zag, layout_basic, serial_shops,
          nicolae_shop_behind_doors, nicolae_shop_bloodbath_and_beyond,
          minmay_cut_off
D:3:      kennysheep_slugbush, layout_basic, uniq_sigmund, uniq_terence
D:4:      layout_layer_cave, gammafunk_temple_overflow_claw,
          nicolae_tso_besieged_by_evil, minivault_24, uniq_grinder

Skill      XL: |  1  2  3  4  5  6 |
---------------+-------------------+-----
Axes           | 3 5 |  5.4
Shields        | 4 5 |  5.0
Fighting       | 4 5 |  5.0
Armour         | 4 5 |  5.0

Action                     |  1- 3 |  4- 6 || total
---------------------------+-------+-------++-------
  Melee: War axe           |    75 |    79 ||   154
         Headbutt          |     4 |    15 ||    19
  Throw: Dart              |       |     1 ||     1
    Use: Scroll            |       |     8 ||     8
 Armour: Scale mail        |    19 |       ||    19
         Chain mail        |    32 |    58 ||    90
  Dodge: Dodged            |    28 |    41 ||    69
  Block: Buckler           |    20 |    20 ||    40

Table legend: (Time is in decaauts)
 A = Elapsed time spent in this place.
 B = Non-inter-level travel time spent in this place.
 C = Inter-level travel time spent in this place.
 D = Time resting spent in this place.
 E = Time spent auto-exploring this place.
 F = Levels seen in this place.
 G = Mean time per level.
                   A        B        C        D        E       F      G
               +--------+--------+--------+--------+--------+-----+--------+
         Total |   2190 |   2111 |     79 |     54 |   1276 |   4 |  547.5 |
       Dungeon |   2190 |   2111 |     79 |     54 |   1276 |   4 |  547.5 |
               +--------+--------+--------+--------+--------+-----+--------+

Top non-repeatable levels by time:
     D:2: 1058 daAuts
     D:1: 689 daAuts
     D:3: 392 daAuts
     D:4: 50 daAuts
